AoeStats
← Unknown

Arena

508591526Analyzed
4v4 RM · 10d ago on Sep 23, 2026· 56m 53s· 8 players
Game mode
Random Map
Map size
Large (8 player)
Population
200
Speed
Normal
Resources
Standard
Victory
Conquest
Starting age
Dark Age
Ending age
Imperial Age
RankedLock teamsTeams togetherTeam positionsShared explorationLock speedFull tech treeHidden civsTurbo modeCheats
Victory
Defeat
🇨🇳 Bohemians · China
1196
+16
🇭🇰 Saxons · Hong Kong SAR China
1139
+18
🇹🇼 Maya · Taiwan
1113
+19
🇵🇪 Huns · Peru
1099
+20
🇦🇺 Saxons · Australia
1462
-28
🇺🇸 Lithuanians · United States
1173
-18
🇺🇸 Shu · United States
1167
-18
🇺🇸 Armenians · United States
940
-9
JohTo
0:27 Loom
8:08 Loom
10:24 Feudal Age
14:31 Castle Age
14:08 Double-Bit Axe
14:20 Horse Collar
17:08 Wheelbarrow
18:47 Bow Saw
19:53 Sanctity
22:01 Town Watch
23:55 Town Patrol
25:27 Heavy Plow
26:36 Hand Cart
27:40 Gold Mining
27:40 Stone Mining
27:53 Town Patrol
32:40 Imperial Age
30:05 Gambesons
30:21 Squires
30:06 Arson
30:11 Pikeman
30:52 Squires
31:52 Scale Mail Armor
33:44 Conscription
33:44 Shield Wall
35:00 Block Printing
34:08 Clerical Recruitment
34:11 Halberdier
34:46 Elite Hearth Troop
35:53 Fletching
36:18 Chain Mail Armor
36:14 Forging
36:06 Padded Archer Armor
36:12 Scale Barding Armor
37:46 Two-Man Saw
37:55 Plate Mail Armor
38:00 Iron Casting
38:12 Bodkin Arrow
38:33 Leather Archer Armor
39:01 Hoardings
38:22 Elite Varangian Guard
39:28 Chain Barding Armor
39:39 Bracer
40:15 Crop Rotation
39:33 Treadmill Crane
39:44 Guard Tower
41:19 Chemistry
40:30 Fortified Wall
40:47 Murder Holes
41:27 Ballistics
40:58 Guard Tower
41:19 Masonry
40:54 Onager
41:56 Fortified Wall
41:52 Siege Engineers
42:56 Ring Archer Armor
42:43 Murder Holes
43:47 Heated Shot
43:48 Guard Tower
44:21 Ballistics
43:46 Arrowslits
44:13 Masonry
43:37 Capped Ram
44:40 Cranequins
45:25 Thumb Ring
45:26 Arrowslits
46:11 Architecture
46:39 Thumb Ring
46:17 Heavy Mounted Crossbowman
48:25 Architecture
50:05 Keep
51:01 Elite Skirmisher
51:11 Siege Ram
52:02 Bloodlines
51:52 Husbandry
52:27 Crossbowman
53:11 Man-at-Arms
53:12 Arbalester
55:24 Devotion
55:44 Heresy
55:03 Heavy Scorpion
55:59 Long Swordsman
56:32 Two-Handed Swordsman
57:50 Hoardings
Unknown
10:27 Feudal Age
14:09 Castle Age
12:17 Double-Bit Axe
13:53 Horse Collar
15:05 Bow Saw
15:53 Heavy Plow
21:42 Wheelbarrow
22:58 Hand Cart
28:23 Imperial Age
26:23 Scale Barding Armor
26:28 Forging
26:25 Marauders
27:16 Husbandry
27:30 Bloodlines
27:45 Chain Barding Armor
28:45 Iron Casting
28:56 Iron Casting
28:22 Loom
28:23 Town Watch
28:32 Elite Tarkan
30:07 Plate Barding Armor
31:24 Blast Furnace
30:45 Town Patrol
43:02 Fletching
46:44 Two-Man Saw
50:09 Bodkin Arrow
49:42 Light Cavalry
55:00 Hussar
一杯冰美式
0:41 Loom
12:04 Feudal Age
13:20 Horse Collar
19:08 Castle Age
17:31 Double-Bit Axe
17:44 Stone Mining
20:01 Gold Mining
20:18 Heavy Plow
20:31 Bow Saw
23:38 Town Watch
24:29 Wheelbarrow
27:43 Imperial Age
26:38 Fletching
26:49 Padded Archer Armor
28:06 Bodkin Arrow
28:27 Leather Archer Armor
29:01 Conscription
30:22 Two-Man Saw
30:12 Crop Rotation
31:36 Bracer
32:47 Ring Archer Armor
35:51 Chemistry
35:51 Elite Plumed Archer
37:50 Ballistics
39:27 Forging
39:17 Scale Mail Armor
49:38 Iron Casting
49:19 Chain Mail Armor
49:36 Holcans
49:40 Eagle Warrior
50:05 Arson
50:21 Squires
52:19 Blast Furnace
51:50 Plate Mail Armor
50:55 Elite Eagle Warrior
53:32 Hand Cart
53:21 Town Patrol
M4A1
10:08 Feudal Age
13:53 Castle Age
12:10 Double-Bit Axe
12:41 Horse Collar
16:21 Bow Saw
22:26 Wheelbarrow
22:22 Heavy Plow
24:17 Fervor
27:40 Imperial Age
25:01 Town Watch
25:33 Hand Cart
25:24 Loom
26:31 Wagenburg Tactics
28:22 Chemistry
27:58 Town Patrol
28:16 Masonry
28:13 Padded Archer Armor
29:11 Conscription
29:59 Leather Archer Armor
30:34 Pikeman
31:14 Squires
31:59 Ring Archer Armor
32:21 Coinage
32:48 Siege Engineers
33:15 Forging
33:06 Scale Mail Armor
Gopherman77
10:49 Feudal Age
16:12 Castle Age
14:33 Double-Bit Axe
16:06 Horse Collar
18:38 Gold Mining
25:01 Imperial Age
24:50 Horse Collar
26:54 Wheelbarrow
27:37 Loom
28:02 Heavy Plow
28:17 Cavalier
29:54 Hand Cart
31:01 Husbandry
31:28 Scale Barding Armor
31:33 Forging
33:56 Chain Barding Armor
34:11 Iron Casting
34:47 Iron Casting
54:55 Light Cavalry
the fgzb
11:30 Feudal Age
15:05 Castle Age
13:33 Double-Bit Axe
14:25 Horse Collar
14:38 Fletching
28:42 Wheelbarrow
27:53 Town Watch
30:43 Imperial Age
27:43 Crossbowman
28:30 Fletching
29:04 Thumb Ring
29:04 Padded Archer Armor
29:02 Loom
31:31 Ballistics
31:02 Arbalester
31:38 Bodkin Arrow
33:00 Chemistry
35:10 Scale Mail Armor
35:11 Bracer
35:18 Siege Engineers
35:55 Conscription
35:38 Coiled Serpent Array
36:36 Murder Holes
38:05 Chain Mail Armor
38:02 Forging
43:21 Bow Saw
43:12 Heavy Plow
48:04 Bolt Magazine
50:05 Leather Archer Armor
49:57 Squires
51:04 Pikeman
Mentok the Mindtaker
5:36 Loom
10:25 Feudal Age
18:24 Castle Age
17:07 Double-Bit Axe
18:02 Horse Collar
18:55 Gold Mining
23:46 Heavy Plow
24:32 Stone Mining
30:19 Imperial Age
28:13 Ballistics
30:26 Gold Shaft Mining
29:43 Fletching
30:56 Wheelbarrow
31:06 Bow Saw
31:39 Elite Composite Bowman
34:31 Bodkin Arrow
35:13 Padded Archer Armor
35:14 Bracer
36:18 Chemistry
39:37 Treadmill Crane
40:50 Conscription
40:57 Hand Cart
41:42 Forging
41:32 Scale Mail Armor
40:56 Pikeman
41:38 Squires
41:56 Halberdier
42:23 Arson
43:19 Iron Casting
43:00 Leather Archer Armor
45:43 Ring Archer Armor
49:37 Blast Furnace
48:52 Chain Mail Armor
49:02 Chain Mail Armor
51:42 Plate Mail Armor
54:31 Murder Holes
MCWest
10:42 Feudal Age
15:14 Castle Age
13:45 Double-Bit Axe
13:42 Horse Collar
16:57 Loom
17:48 Wheelbarrow
17:47 Bow Saw
23:54 Hand Cart
23:48 Town Watch
25:03 Gold Mining
25:29 Town Patrol
29:40 Imperial Age
27:12 Scale Mail Armor
27:23 Forging
26:49 Man-at-Arms
27:19 Gambesons
27:34 Squires
27:19 Arson
27:42 Fletching
27:32 Long Swordsman
28:28 Forging
29:08 Chain Mail Armor
29:01 Bodkin Arrow
30:18 Iron Casting
29:53 Shield Wall
31:35 Conscription
30:39 Capped Ram
31:01 Two-Handed Swordsman
31:49 Champion
34:12 Siege Ram
36:25 Plate Mail Armor
38:48 Pikeman
41:10 Bracer
41:11 Padded Archer Armor
51:09 Heavy Plow
Connection lost

Rejoining the realm…

Still unreachable

The connection could not be restored.

Session expired

The server has moved on; the page needs a fresh start.